| TOP OF THE 1ST |
|
New Hampshire Fisher Cats batting - Pitching for Akron RubberDucks : RHP Yuri Bijleveld
|
|
Pitching: RHP Yuri Bijleveld
|
|
|
Batting: LHB Gabe Pace
|
0-0: Ball 1-0: Swinging Strike 1-1: Ball 2-1: Foul Ball, location: 2F 2-2: Ball 3-2: Fly out, F8 (Flyball, 78D, EV 95.0 MPH)
|
|
Batting: RHB Stephen Casteel
|
0-0: Called Strike 0-1: Ball 1-1: Ground out 6-3 (Groundball, 6M, EV 81.2 MPH)
|
|
Batting: RHB Raul de la Cruz
|
0-0: Called Strike 0-1: SINGLE (Flyball, 89S, EV 86.2 MPH)
|
|
Batting: RHB James Boynton
|
0-0: Ball 1-0: Ball 2-0: Called Strike 2-1: SINGLE (Flyball, 6MD, EV 93.1 MPH) Raul de la Cruz to second
|
|
Batting: LHB Kurt Estep
|
0-0: Called Strike 0-1: Ball 1-1: Ball 2-1: Foul Ball, location: 2F 2-2: Fly out, F7 (Flyball, 7, EV 86.2 MPH)
|
| Top of the 1st over - 0 runs, 2 hits, 0 errors, 2 left on base; New Hampshire 0 - Akron 0 |
| BOTTOM OF THE 1ST |
|
Akron RubberDucks batting - Pitching for New Hampshire Fisher Cats : RHP Joe Butler
|
|
Pitching: RHP Joe Butler
|
|
|
Batting: RHB Justin Lauderdale
|
0-0: Called Strike 0-1: Foul Ball, location: 2F 0-2: Ball 1-2: Ball 2-2: Ball 3-2: SOLO HOME RUN (Flyball, 78XD, EV 101.9 MPH), Distance : 402 ft
|
|
Batting: RHB Willie Gonzales
|
0-0: Called Strike 0-1: Foul Ball, location: 2F 0-2: Foul Ball, location: 2F 0-2: Ball 1-2: Strikes out swinging
|
|
Batting: RHB Tristan Wright
|
0-0: Foul Ball, location: 2F 0-1: Ball 1-1: Foul Ball, location: 2F 1-2: Ball 2-2: Foul Ball, location: 2F 2-2: Ball 3-2: Foul Ball, location: 2F 3-2: Foul Ball, location: 2F 3-2: Foul Ball, location: 2F 3-2: Strikes out swinging
|
|
Batting: LHB Costodio Varino
|
0-0: Called Strike 0-1: Ball 1-1: Swinging Strike 1-2: Strikes out swinging
|
| Bottom of the 1st over - 1 run, 1 hit, 0 errors, 0 left on base; New Hampshire 0 - Akron 1 |
| TOP OF THE 2ND |
|
New Hampshire Fisher Cats batting - Pitching for Akron RubberDucks : RHP Yuri Bijleveld
|
|
Batting: RHB Chris Martin
|
0-0: Called Strike 0-1: Called Strike 0-2: Ball 1-2: Strikes out swinging
|
|
Batting: SHB Bryan Johnston
|
0-0: Fly out, F8 (Flyball, 78M, EV 90.6 MPH)
|
|
Batting: RHB Tokuji Kawabata
|
0-0: Foul Ball, location: 2F 0-1: Called Strike 0-2: Ball 1-2: Ball 2-2: Ball 3-2: Ground out 2-3 (Groundball, 2R, EV 72.5 MPH)
|
| Top of the 2nd over - 0 runs, 0 hits, 0 errors, 0 left on base; New Hampshire 0 - Akron 1 |
| BOTTOM OF THE 2ND |
|
Akron RubberDucks batting - Pitching for New Hampshire Fisher Cats : RHP Joe Butler
|
|
Batting: SHB Dan Morataya
|
0-0: Ball 1-0: Foul Ball, location: 2F 1-1: Swinging Strike 1-2: Reaches on Catchers interference
|
|
Batting: RHB Joeri Plas
|
0-0: Ball 1-0: Foul Ball, location: 2F 1-1: Ball 2-1: Ball 3-1: Called Strike 3-2: 2-RUN HOME RUN (Flyball, 89XD, EV 111.9 MPH), Distance : 445 ft
|
|
Batting: SHB Edwin Dominguez
|
0-0: Ground out 4-3 (Groundball, 34D, EV 100.6 MPH)
|
|
Batting: RHB Kenzo Shinoda
|
0-0: Called Strike 0-1: Called Strike 0-2: Ball 1-2: Foul Ball, location: 2F 1-2: Strikes out looking
|
|
Batting: SHB Javon Mitchell
|
0-0: Called Strike 0-1: SINGLE (Groundball, 34D, EV 111.2 MPH)
|
|
Batting: RHB Justin Lauderdale
|
0-0: Ball 1-0: Swinging Strike 1-1: Ball 2-1: Fly out, F3 (Popup, 23F, EV 86.2 MPH)
|
| Bottom of the 2nd over - 2 runs, 2 hits, 1 error, 1 left on base; New Hampshire 0 - Akron 3 |
| TOP OF THE 3RD |
|
New Hampshire Fisher Cats batting - Pitching for Akron RubberDucks : RHP Yuri Bijleveld
|
|
Batting: RHB Justin Powell
|
0-0: SINGLE (Line Drive, 4M, EV 99.4 MPH)
|
|
Batting: LHB Gabe Pace
|
0-0: Grounds into double play, U6-3 (Groundball, 4M, EV 106.9 MPH)
|
|
Batting: RHB Stephen Casteel
|
0-0: Ground out 5-3 (Groundball, 56S, EV 83.1 MPH)
|
| Top of the 3rd over - 0 runs, 1 hit, 0 errors, 0 left on base; New Hampshire 0 - Akron 3 |
| BOTTOM OF THE 3RD |
|
Akron RubberDucks batting - Pitching for New Hampshire Fisher Cats : RHP Joe Butler
|
|
Batting: RHB Willie Gonzales
|
0-0: Called Strike 0-1: Ground out 5-3 (Groundball, 56, EV 80.0 MPH)
|
|
Batting: RHB Tristan Wright
|
0-0: Called Strike 0-1: Ball 1-1: Ball 2-1: Fly out, F7 (Flyball, 7D, EV 105.6 MPH)
|
|
Batting: LHB Costodio Varino
|
0-0: Ball 1-0: Ball 2-0: Foul Ball, location: 2F 2-1: Called Strike 2-2: Foul Ball, location: 2F 2-2: Strikes out looking
|
| Bottom of the 3rd over - 0 runs, 0 hits, 0 errors, 0 left on base; New Hampshire 0 - Akron 3 |
| TOP OF THE 4TH |
|
New Hampshire Fisher Cats batting - Pitching for Akron RubberDucks : RHP Yuri Bijleveld
|
|
Batting: RHB Raul de la Cruz
|
0-0: Foul Ball, location: 2F 0-1: SINGLE (Groundball, 34, EV 96.9 MPH)
|
|
Batting: RHB James Boynton
|
0-0: Ball 1-0: Called Strike 1-1: Foul Ball, location: 2F 1-2: Foul Ball, location: 2F 1-2: Strikes out swinging
|
|
Batting: LHB Kurt Estep
|
0-0: Called Strike 0-1: Ball 1-1: Called Strike 1-2: Foul Ball, location: 2F 1-2: Ball 2-2: Foul Ball, location: 2F 2-2: Ball 3-2: Fielders Choice at 2nd, 1-6 (Groundball, 13, EV 63.1 MPH)
|
|
Batting: RHB Chris Martin
|
0-0: Called Strike Kurt Estep is caught stealing 2nd base 2-4
|
| Top of the 4th over - 0 runs, 1 hit, 0 errors, 0 left on base; New Hampshire 0 - Akron 3 |
| BOTTOM OF THE 4TH |
|
Akron RubberDucks batting - Pitching for New Hampshire Fisher Cats : RHP Joe Butler
|
|
Batting: SHB Dan Morataya
|
0-0: Ball 1-0: Ball 2-0: Called Strike 2-1: Foul Ball, location: 2F 2-2: Ball 3-2: SINGLE (Line Drive, 8LS, EV 108.8 MPH)
|
|
Batting: RHB Joeri Plas
|
0-0: Called Strike 0-1: Swinging Strike 0-2: Ground out 4-3 (Groundball, 34D, EV 108.1 MPH) Dan Morataya to second
|
|
Batting: SHB Edwin Dominguez
|
0-0: Called Strike 0-1: Swinging Strike 0-2: Ball 1-2: Ground out 4-3 (Groundball, 4, EV 105.6 MPH) Dan Morataya to third
|
|
Batting: RHB Kenzo Shinoda
|
0-0: Ball 1-0: Called Strike 1-1: Ball 2-1: Foul Ball, location: 2F 2-2: DOUBLE (Groundball, 5L, EV 106.9 MPH) Dan Morataya scores
|
|
Batting: SHB Javon Mitchell
|
0-0: Ball 1-0: Ball 2-0: Foul Ball, location: 2F 2-1: Ball 3-1: Base on Balls
|
|
Batting: RHB Justin Lauderdale
|
0-0: Fielders Choice at 2nd, 6-4 (Groundball, 6D, EV 107.5 MPH)
|
| Bottom of the 4th over - 1 run, 2 hits, 0 errors, 2 left on base; New Hampshire 0 - Akron 4 |
| TOP OF THE 5TH |
|
New Hampshire Fisher Cats batting - Pitching for Akron RubberDucks : RHP Yuri Bijleveld
|
|
Batting: RHB Chris Martin
|
0-0: Foul Ball, location: 2F 0-1: Called Strike 0-2: Strikes out swinging
|
|
Batting: SHB Bryan Johnston
|
0-0: Ball 1-0: Ground out 4-3 (Groundball, 4, EV 98.1 MPH)
|
|
Batting: RHB Tokuji Kawabata
|
0-0: Fly out, F8 (Line Drive, 8LM, EV 83.8 MPH)
|
| Top of the 5th over - 0 runs, 0 hits, 0 errors, 0 left on base; New Hampshire 0 - Akron 4 |
| BOTTOM OF THE 5TH |
|
Akron RubberDucks batting - Pitching for New Hampshire Fisher Cats : RHP Joe Butler
|
|
Batting: RHB Willie Gonzales
|
0-0: Ball 1-0: Foul Ball, location: 2F 1-1: Ball 2-1: Ball 3-1: SINGLE (Groundball, 6D, EV 99.4 MPH)
|
|
Batting: RHB Tristan Wright
|
0-0: Called Strike 0-1: Called Strike 0-2: Foul Ball, location: 2F 0-2: Fielders Choice at 2nd, 1-6 (Groundball, 13S, EV 66.2 MPH)
|
|
Batting: LHB Costodio Varino
|
0-0: Ball 1-0: DOUBLE (Line Drive, 9LS, EV 110.0 MPH) Tristan Wright to third
|
|
Batting: SHB Dan Morataya
|
0-0: Ball 1-0: Ball 2-0: Called Strike 2-1: Foul Ball, location: 2F 2-2: Ball 3-2: SINGLE (Groundball, 6M, EV 105.6 MPH) (infield hit) Tristan Wright scores Costodio Varino to third
|
|
Pitching: RHP Danny Walker
|
|
|
Batting: RHB Joeri Plas
|
0-0: Foul Ball, location: 2F 0-1: Ball 1-1: Foul Ball, location: 2F 1-2: Ball 2-2: Foul Ball, location: 2F 2-2: Ball 3-2: Fielders Choice at 2nd, 6-4 (Groundball, 6, EV 110.6 MPH) Costodio Varino scores
|
|
Batting: SHB Edwin Dominguez
|
0-0: Fly out, F7 (Line Drive, 7S, EV 100.0 MPH)
|
| Bottom of the 5th over - 2 runs, 3 hits, 0 errors, 1 left on base; New Hampshire 0 - Akron 6 |
| TOP OF THE 6TH |
|
New Hampshire Fisher Cats batting - Pitching for Akron RubberDucks : RHP Yuri Bijleveld
|
|
Batting: RHB Justin Powell
|
0-0: Ball 1-0: Foul Ball, location: 2F 1-1: Ground out 6-3 (Groundball, 6, EV 85.0 MPH)
|
|
Batting: LHB Gabe Pace
|
0-0: Ball 1-0: Fly out, F7 (Flyball, 7, EV 97.5 MPH)
|
|
Batting: RHB Stephen Casteel
|
0-0: Ball 1-0: Called Strike 1-1: Ball 2-1: Called Strike 2-2: SINGLE (Line Drive, 5D, EV 106.2 MPH)
|
|
Batting: RHB Raul de la Cruz
|
0-0: Fly out, F9 (Flyball, 89M, EV 91.2 MPH)
|
| Top of the 6th over - 0 runs, 1 hit, 0 errors, 1 left on base; New Hampshire 0 - Akron 6 |
| BOTTOM OF THE 6TH |
|
Akron RubberDucks batting - Pitching for New Hampshire Fisher Cats : RHP Danny Walker
|
|
Batting: RHB Kenzo Shinoda
|
0-0: Ball 1-0: Ball 2-0: Called Strike 2-1: Foul Ball, location: 2F 2-2: Fly out, F9 (Line Drive, 89S, EV 86.2 MPH)
|
|
Batting: SHB Javon Mitchell
|
0-0: Ball 1-0: Foul Ball, location: 2F 1-1: Ball 2-1: Ground out 5-3 (Groundball, 56, EV 78.8 MPH)
|
|
Batting: RHB Justin Lauderdale
|
0-0: Ground out 4-3 (Groundball, 4, EV 101.9 MPH)
|
| Bottom of the 6th over - 0 runs, 0 hits, 0 errors, 0 left on base; New Hampshire 0 - Akron 6 |
| TOP OF THE 7TH |
|
New Hampshire Fisher Cats batting - Pitching for Akron RubberDucks : RHP Yuri Bijleveld
|
|
Batting: RHB James Boynton
|
0-0: Ball 1-0: Ground out 5-3 (Groundball, 56S, EV 68.1 MPH)
|
|
Batting: LHB Kurt Estep
|
0-0: Ball 1-0: Ball 2-0: Ball 3-0: Ground out 6-3 (Groundball, 4MS, EV 83.8 MPH)
|
|
Batting: RHB Chris Martin
|
0-0: Ball 1-0: Ball 2-0: Called Strike 2-1: Foul Ball, location: 2F 2-2: Foul Ball, location: 2F 2-2: Foul Ball, location: 2F 2-2: Foul Ball, location: 7LSF, Error on foul ball, E7 2-2: Foul Ball, location: 2F 2-2: Foul Ball, location: 2F 2-2: Ground out 5-3 (Groundball, 56S, EV 63.8 MPH)
|
| Top of the 7th over - 0 runs, 0 hits, 1 error, 0 left on base; New Hampshire 0 - Akron 6 |
| BOTTOM OF THE 7TH |
|
Akron RubberDucks batting - Pitching for New Hampshire Fisher Cats : RHP Danny Walker
|
|
Batting: RHB Willie Gonzales
|
0-0: Foul Ball, location: 2F 0-1: Foul Ball, location: 2F 0-2: Foul Ball, location: 2F 0-2: SOLO HOME RUN (Flyball, 7LD, EV 96.9 MPH), Distance : 352 ft
|
|
Batting: RHB Tristan Wright
|
0-0: Ball 1-0: Swinging Strike 1-1: Called Strike 1-2: SOLO HOME RUN (Flyball, 8RXD, EV 118.8 MPH), Distance : 523 ft
|
|
Batting: LHB Costodio Varino
|
0-0: Ball 1-0: Foul Ball, location: 2F 1-1: Foul Ball, location: 2F 1-2: Strikes out swinging
|
|
Batting: SHB Dan Morataya
|
0-0: Foul Ball, location: 2F 0-1: Ball 1-1: Ball 2-1: Ball 3-1: SINGLE (Groundball, 4M, EV 102.5 MPH) (infield hit)
|
|
Batting: RHB Joeri Plas
|
0-0: Called Strike 0-1: Called Strike 0-2: Fly out, F8 (Flyball, 89S, EV 89.4 MPH)
|
|
Batting: SHB Edwin Dominguez
|
0-0: Ball 1-0: Called Strike 1-1: Called Strike 1-2: Ball 2-2: Foul Ball, location: 2F 2-2: Ground out 3-1 (Groundball, 34S, EV 88.1 MPH)
|
| Bottom of the 7th over - 2 runs, 3 hits, 0 errors, 1 left on base; New Hampshire 0 - Akron 8 |
| TOP OF THE 8TH |
|
New Hampshire Fisher Cats batting - Pitching for Akron RubberDucks : RHP Yuri Bijleveld
|
|
Batting: SHB Bryan Johnston
|
0-0: Ball 1-0: Ball 2-0: Ground out 4-3 (Groundball, 4M, EV 103.1 MPH)
|
|
Pinch Hitting: RHB Jose Garza
|
0-0: Called Strike 0-1: Ball 1-1: SINGLE (Groundball, 15S, EV 74.4 MPH) (infield hit)
|
|
Pinch Hitting: RHB Jorge Baret
|
0-0: Grounds into double play, 6-4-3 (Groundball, 6, EV 81.9 MPH)
|
| Top of the 8th over - 0 runs, 1 hit, 0 errors, 0 left on base; New Hampshire 0 - Akron 8 |
| BOTTOM OF THE 8TH |
|
Akron RubberDucks batting - Pitching for New Hampshire Fisher Cats : RHP Danny Walker
|
|
Now at 3B: Tristan Dennis
|
|
|
Now in CF: Kurt Estep
|
|
|
Now in RF: Jorge Baret
|
|
|
Batting: RHB Kenzo Shinoda
|
0-0: Ball 1-0: Swinging Strike 1-1: Ball 2-1: Called Strike 2-2: Ground out 4-3 (Groundball, 4, EV 89.4 MPH)
|
|
Batting: SHB Javon Mitchell
|
0-0: Called Strike 0-1: Ground out U3 (Groundball, 34S, EV 85.0 MPH)
|
|
Batting: RHB Justin Lauderdale
|
0-0: Called Strike 0-1: Swinging Strike 0-2: Ball 1-2: Strikes out swinging
|
| Bottom of the 8th over - 0 runs, 0 hits, 0 errors, 0 left on base; New Hampshire 0 - Akron 8 |
| TOP OF THE 9TH |
|
New Hampshire Fisher Cats batting - Pitching for Akron RubberDucks : RHP Yuri Bijleveld
|
|
Batting: LHB Gabe Pace
|
0-0: Called Strike 0-1: Ball 1-1: Ball 2-1: Ground out 4-3 (Groundball, 4, EV 108.1 MPH)
|
|
Batting: RHB Stephen Casteel
|
0-0: SINGLE (Line Drive, 78S, EV 97.5 MPH)
|
|
Batting: RHB Raul de la Cruz
|
0-0: Fly out, F9 (Flyball, 9LM, EV 98.8 MPH)
|
|
Batting: RHB James Boynton
|
0-0: SINGLE (Line Drive, 3D, EV 95.0 MPH) Stephen Casteel to second
|
|
Pitching: RHP Arturo Rojas
|
|
|
Batting: LHB Kurt Estep
|
0-0: Fly out, F6 (Line Drive, 6D, EV 68.1 MPH)
|
| Top of the 9th over - 0 runs, 2 hits, 0 errors, 2 left on base; New Hampshire 0 - Akron 8 |
|